Nordiques vs Predators

Created - 24 janvier 2015 at 19:19

Goals
1 2 3 T
Nordiques 1 1 0 2
Predators 0 3 3 6
Shots
1 2 3 T
Nordiques 6 12 5 23
Predators 6 12 14 32

1st period

1. Nordiques , Andrei Kostitsyn 22 (Pierre-Marc Bouchard) at 8:52

Penalties :
Barret Jackman (Nas) for Roughing (Minor) at 13:22, Joe Thornton (Nas) for Hooking (Minor) at 19:10

2nd period

2. Predators , Josef Vasicek 15 (Alexander Steen, Kent Huskins) at 1:49
3. Nordiques , Pierre-Marc Bouchard 17 (Andrei Kostitsyn, Bryan McCabe) at 5:08
4. Predators , Alexander Steen 11 (Alexander Edler, Josef Vasicek) at 8:42
5. Predators , Alexander Steen 12 (Joe Thornton, Alexander Ovechkin) at 9:14

Penalties :
Georges Laraque (Nas) for Hooking (Minor) at 6:20, Ryan Bayda (Que) for Boarding (Minor) at 11:58, Kent Huskins (Nas) for Cross-checking (Minor) at 17:57

3rd period

6. Predators , Alexander Ovechkin 28 (Joe Thornton) at 3:11
7. Predators , Oleg Saprykin 11 (Kris Vernarsky, Danny Richmond) at 8:51
8. Predators , Michael Grabner 8 (Alexander Steen, Josef Vasicek) at 19:11

Penalties :
Pierre-Marc Bouchard (Que) for High sticking (Minor) at 5:17

Goalie Stats

Jean-Sébastien Giguère (Que), 26 saves from 32 shots - (0,813), L, 13-17-3, 60:00 minutes
Kari Lehtonen (Nas), 21 saves from 23 shots - (0,913), W, 18-15-2, 60:00 minutes

Players Stats for Nordiques

Player Name              G  A  P  +/- PIM S  H  SB GA TA FO     MP     PP MP  PK MP  
------------------------------------------------------------------------------------
Andrei Kostitsyn         1  1  2   0  0   2  3  2  3  0  2/2    21:26   4:18   1:14 
Bryan McCabe             0  1  1   1  0   3  1  4  0  0  0/0    29:02   4:51   2:27 
Chris Pronger            0  0  0   1  0   1  1  1  2  3  0/0    29:02   4:51   2:27 
Ed Jovanovski            0  0  0  -1  0   0  1  1  0  0  0/0    10:12   0:00   0:00 
Jeff Halpern             0  0  0  -2  0   3  2  0  0  0  5/9    10:03   0:00   1:28 
Jordan Eberle            0  0  0   1  0   0  3  0  0  0  0/2    19:44   4:18   0:27 
Jordan Leopold           0  0  0  -4  0   2  2  4  1  1  0/0    20:46   3:05   1:31 
Matt Ellison             0  0  0  -2  0   2  1  0  0  0  0/0     8:35   0:00   0:00 
Matt Smaby               0  0  0  -4  0   1  1  0  0  0  0/0    20:46   3:05   1:31 
Mattias Weinhandl        0  0  0   0  0   1  1  0  1  0  0/0    10:15   0:00   0:00 
Mike York                0  0  0   0  0   1  0  0  0  0  0/0    10:35   0:00   0:11 
Nick Schultz             0  0  0  -1  0   1  2  0  0  0  0/0    10:12   0:00   0:00 
Patrik Elias             0  0  0  -2  0   0  0  0  0  1  0/0    18:55   3:38   2:06 
Peter Prucha             0  0  0  -2  0   0  2  2  2  1  0/0    16:49   3:38   0:00 
Pierre-Marc Bouchard     1  1  2   0  2   2  2  0  0  0  14/35  21:36   4:18   1:05 
Rickard Wallin           0  0  0  -1  0   0  1  0  0  0  0/1    11:57   0:00   0:47 
Ryan Bayda               0  0  0  -2  2   2  0  0  0  0  0/0     8:36   0:00   0:00 
Tyler Arnason            0  0  0  -2  0   2  3  0  0  0  4/10   17:29   3:38   0:38 

Players Stats for Predators

Player Name              G  A  P  +/- PIM S  H  SB GA TA FO     MP     PP MP  PK MP  
------------------------------------------------------------------------------------
Alexander Edler          0  1  1   2  0   3  3  0  0  1  0/0    26:01   2:34   4:22 
Alexander Ovechkin       1  1  2   1  0   6  1  0  2  1  0/0    24:21   2:09   4:37 
Alexander Steen          2  2  4   3  0   3  2  0  0  0  0/0    18:03   1:48   1:18 
Andy Miele               0  0  0  -1  0   0  0  0  0  0  2/5     6:00   0:00   0:00 
Barret Jackman           0  0  0   2  2   0  1  0  0  0  0/0    11:37   0:00   0:00 
Brad Boyes               0  0  0   1  0   0  0  0  0  0  1/1    19:09   2:09   0:00 
Danny Richmond           0  1  1   0  0   0  1  3  0  3  0/0    21:52   1:24   3:34 
Georges Laraque          0  0  0   1  2   1  1  0  1  0  0/0    10:45   0:01   0:00 
Jeremy Williams          0  0  0  -1  0   1  0  1  0  0  0/0     6:00   0:00   0:00 
Joe Thornton             0  2  2   1  2   2  5  1  1  2  16/30  22:13   2:09   3:03 
Josef Vasicek            1  2  3   3  0   4  0  1  1  0  12/15  19:04   1:48   2:58 
Kent Huskins             0  1  1   2  2   1  0  1  0  1  0/0    11:40   0:00   0:00 
Kris Vernarsky           0  1  1   1  0   4  2  0  0  0  3/6    11:01   0:01   0:00 
Michael Grabner          1  0  1   3  0   2  4  0  1  0  0/2    18:17   1:48   2:06 
Oleg Saprykin            1  0  1   0  0   4  1  0  0  0  0/0    17:06   0:01   1:50 
Paul Mara                0  0  0  -1  0   0  1  0  0  0  0/0     3:37   0:00   0:00 
Robyn Regehr             0  0  0   1  0   0  0  0  0  0  0/0    18:44   1:24   3:34 
Ryan Mcdonagh            0  0  0   2  0   1  3  1  0  1  0/0    26:30   2:34   4:22 

3 Stars

1 - Alexander Steen (Nas)
2 - Josef Vasicek (Nas)
3 - Michael Grabner (Nas)

Power Play

Nordiques - 0 on 4 Attempt(s) - 0,00%
Predators - 0 on 2 Attempt(s) - 0,00%

Penalty Kill

Nordiques - 2 on 2 Attempt(s) - 100,00% - Score 0 goal in Penalty Kill
Predators - 4 on 4 Attempt(s) - 100,00% - Score 0 goal in Penalty Kill

Team Stat

Nordiques - Hits : 26 - Faceoff Wins : 25 - Blocked Shots : 14 - Penalty Minutes : 4
Predators - Hits : 25 - Faceoff Wins : 34 - Blocked Shots : 8 - Penalty Minutes : 8

Official

Referees : Auger Stephane and VanMassenhoven Don
Linesman : Lonnie Cameron and Mark Wheler

Game Notes

No Game Note

Finance

Level 1 -- Attendance: 5201 (86,68%) -- Ticket Income 452 487 $
Level 2 -- Attendance: 3918 (78,36%) -- Ticket Income 227 244 $
Level 3 -- Attendance: 1786 (89,30%) -- Ticket Income 57 152 $
Level 4 -- Attendance: 3928 (98,20%) -- Ticket Income 82 488 $
Luxury Box -- Attendance: 723 (72,30%) -- Ticket Income 135 924 $
Game was played at the Wildcat center'
Total Attendance: 15556 (86,42%)
Total Ticket Income: 955 295 $
Other Income: 143 294 $
Total Income: 1 098 589 $

Nordiques

5 vs 5 Forward 
   Center                   Left Wing                Right Wing               Time % Phy DF OF 
 1 Pierre-Marc Bouchard     Andrei Kostitsyn         Jordan Eberle            40     0   2  3  
 2 Tyler Arnason            Patrik Elias             Peter Prucha             30     0   2  3  
 3 Rickard Wallin           Mike York                Mattias Weinhandl        20     1   2  2  
 4 Jeff Halpern             Ryan Bayda               Matt Ellison             10     1   2  2  

5 vs 5 Defense 
   Defense                  Defense                                           Time % Phy DF OF 
 1 Chris Pronger            Bryan McCabe                                      40     0   2  3  
 2 Matt Smaby               Jordan Leopold                                    30     0   2  3  
 3 Ed Jovanovski            Nick Schultz                                      20     1   2  2  
 4 Chris Pronger            Bryan McCabe                                      10     1   2  2  

PowerPlay Forward 
   Center                   Left Wing                Right Wing               Time % Phy DF OF 
 1 Pierre-Marc Bouchard     Andrei Kostitsyn         Jordan Eberle            60     0   1  4  
 2 Tyler Arnason            Patrik Elias             Peter Prucha             40     0   1  4  

PowerPlay Defense
   Defense                  Defense                                           Time % Phy DF OF 
 1 Chris Pronger            Bryan McCabe                                      60     0   2  3  
 2 Matt Smaby               Jordan Leopold                                    40     0   2  3  

Penalty Kill 4 Players Forward 
   Center                   Wing                     Time % Phy DF OF 
 1 Pierre-Marc Bouchard     Patrik Elias             60     1   3  1  
 2 Tyler Arnason            Jordan Eberle            40     1   3  1  

Penalty Kill 4 Players Defense
   Defense                  Defense                  Time % Phy DF OF 
 1 Chris Pronger            Bryan McCabe             60     1   3  1  
 2 Matt Smaby               Jordan Leopold           40     1   3  1  

Penalty Kill - 3 Players Forward 
   Forward                                           Time % Phy DF OF 
 1 Pierre-Marc Bouchard                              60     1   3  1  
 2 Jordan Eberle                                     40     1   3  1  

Penalty Kill - 3 Players Defense
   Defense                  Defense                  Time % Phy DF OF 
 1 Chris Pronger            Bryan McCabe             60     1   3  1  
 2 Matt Smaby               Jordan Leopold           40     1   3  1  

4 vs 4 Forward 
   Center                   Wing                     Time % Phy DF OF 
 1 Pierre-Marc Bouchard     Andrei Kostitsyn         60     0   2  3  
 2 Tyler Arnason            Patrik Elias             40     0   2  3  

4 vs 4 Defense
   Defense                  Defense                  Time % Phy DF OF 
 1 Chris Pronger            Bryan McCabe             60     1   2  2  
 2 Matt Smaby               Jordan Leopold           40     1   2  2  

Last Minutes Offensive
   Center                   Left Wing                Right Wing               Defense                  Defense                  
   Pierre-Marc Bouchard     Andrei Kostitsyn         Peter Prucha             Chris Pronger            Bryan McCabe             

Last Minutes Defensive
   Center                   Left Wing                Right Wing               Defense                  Defense                  
   Pierre-Marc Bouchard     Andrei Kostitsyn         Peter Prucha             Chris Pronger            Bryan McCabe             

Goaltenders
Starting : Jean-Sébastien Giguère   
Backup : Mike Smith               

Extra Forwards
Normal : Jordan Eberle, Pierre-Marc Bouchard, Andrei Kostitsyn - PP : Peter Prucha, Jordan Eberle - PK : Pierre-Marc Bouchard
Extra Defensemen
Normal : Ed Jovanovski, Bryan McCabe, Matt Smaby - PP : Ed Jovanovski - PK : Nick Schultz, Matt Smaby
Penalty Shots
Andrei Kostitsyn, Pierre-Marc Bouchard, Jordan Eberle, Peter Prucha, Patrik Elias

Predators

5 vs 5 Forward 
   Center                   Left Wing                Right Wing               Time % Phy DF OF 
 1 Joe Thornton             Alexander Ovechkin       Brad Boyes               40     1   2  2  
 2 Josef Vasicek            Alexander Steen          Michael Grabner          30     1   2  2  
 3 Kris Vernarsky           Oleg Saprykin            Georges Laraque          20     1   2  2  
 4 Andy Miele               Oleg Saprykin            Jeremy Williams          10     1   2  2  

5 vs 5 Defense 
   Defense                  Defense                                           Time % Phy DF OF 
 1 Alexander Edler          Ryan Mcdonagh                                     40     1   2  2  
 2 Robyn Regehr             Danny Richmond                                    30     1   2  2  
 3 Barret Jackman           Kent Huskins                                      20     1   2  2  
 4 Paul Mara                Danny Richmond                                    10     1   2  2  

PowerPlay Forward 
   Center                   Left Wing                Right Wing               Time % Phy DF OF 
 1 Joe Thornton             Alexander Ovechkin       Brad Boyes               60     1   2  2  
 2 Josef Vasicek            Alexander Steen          Michael Grabner          40     1   2  2  

PowerPlay Defense
   Defense                  Defense                                           Time % Phy DF OF 
 1 Alexander Edler          Ryan Mcdonagh                                     60     1   2  2  
 2 Robyn Regehr             Danny Richmond                                    40     1   2  2  

Penalty Kill 4 Players Forward 
   Center                   Wing                     Time % Phy DF OF 
 1 Joe Thornton             Alexander Ovechkin       60     1   2  2  
 2 Josef Vasicek            Oleg Saprykin            40     1   2  2  

Penalty Kill 4 Players Defense
   Defense                  Defense                  Time % Phy DF OF 
 1 Alexander Edler          Ryan Mcdonagh            60     1   2  2  
 2 Robyn Regehr             Danny Richmond           40     1   2  2  

Penalty Kill - 3 Players Forward 
   Forward                                           Time % Phy DF OF 
 1 Alexander Ovechkin                                60     1   2  2  
 2 Joe Thornton                                      40     1   2  2  

Penalty Kill - 3 Players Defense
   Defense                  Defense                  Time % Phy DF OF 
 1 Alexander Edler          Ryan Mcdonagh            60     1   2  2  
 2 Robyn Regehr             Danny Richmond           40     1   2  2  

4 vs 4 Forward 
   Center                   Wing                     Time % Phy DF OF 
 1 Joe Thornton             Alexander Ovechkin       60     1   2  2  
 2 Josef Vasicek            Alexander Steen          40     1   2  2  

4 vs 4 Defense
   Defense                  Defense                  Time % Phy DF OF 
 1 Alexander Edler          Ryan Mcdonagh            60     1   2  2  
 2 Robyn Regehr             Danny Richmond           40     1   2  2  

Last Minutes Offensive
   Center                   Left Wing                Right Wing               Defense                  Defense                  
   Joe Thornton             Alexander Ovechkin       Brad Boyes               Alexander Edler          Ryan Mcdonagh            

Last Minutes Defensive
   Center                   Left Wing                Right Wing               Defense                  Defense                  
   Joe Thornton             Alexander Ovechkin       Georges Laraque          Ryan Mcdonagh            Danny Richmond           

Goaltenders
Starting : Kari Lehtonen            
Backup : Corey Crawford           

Extra Forwards
Normal : Kris Vernarsky, Oleg Saprykin, Michael Grabner - PP : Kris Vernarsky, Oleg Saprykin - PK : Michael Grabner
Extra Defensemen
Normal : Barret Jackman, Kent Huskins, Paul Mara - PP : Barret Jackman - PK : Kent Huskins, Paul Mara
Penalty Shots
Alexander Ovechkin, Michael Grabner, Alexander Steen, Brad Boyes, Joe Thornton

% Time on Ice - Nordiques

Lines # - Real PCT - Wanted PCT - Time Play
Normal Forward
1 - 33% - 40% - 16:03
2 - 27% - 30% - 13:13
3 - 21% - 20% - 10:15
4 - 18% - 10% - 8:35
Normal Defense
1 - 39% - 40% - 18:55
2 - 34% - 30% - 16:10
3 - 21% - 20% - 10:12
4 - 6% - 10% - 2:49
PP Forward
1 - 54% - 60% - 4:18
2 - 46% - 40% - 3:38
PP Defense
1 - 61% - 60% - 4:51
2 - 39% - 40% - 3:05
PK Forward
1 - 89% - 60% - 3:31
2 - 11% - 40% - 0:27
PK Defense
1 - 62% - 60% - 2:27
2 - 38% - 40% - 1:31
PK3 Forward
1 - 0% - 60%
2 - 0% - 40%
PK3 Defense
1 - 0% - 60%
2 - 0% - 40%
44 Forward
1 - 0% - 60%
2 - 0% - 40%
44 Defense
1 - 0% - 60%
2 - 0% - 40%
Last Minute Offensive  - 0:00
Last Minute Defensive  - 0:00
Total
Forward - 60:00
Defense - 60:00

% Time on Ice - Predators

Lines # - Real PCT - Wanted PCT - Time Play
Normal Forward
1 - 39% - 40% - 18:40
2 - 30% - 30% - 14:17
3 - 19% - 20% - 9:09
4 - 12% - 10% - 6:00
Normal Defense
1 - 40% - 40% - 19:05
2 - 29% - 30% - 13:46
3 - 24% - 20% - 11:38
4 - 8% - 10% - 3:37
PP Forward
1 - 55% - 60% - 2:10
2 - 45% - 40% - 1:48
PP Defense
1 - 65% - 60% - 2:34
2 - 35% - 40% - 1:24
PK Forward
1 - 77% - 60% - 6:06
2 - 23% - 40% - 1:50
PK Defense
1 - 55% - 60% - 4:22
2 - 45% - 40% - 3:34
PK3 Forward
1 - 0% - 60%
2 - 0% - 40%
PK3 Defense
1 - 0% - 60%
2 - 0% - 40%
44 Forward
1 - 0% - 60%
2 - 0% - 40%
44 Defense
1 - 0% - 60%
2 - 0% - 40%
Last Minute Offensive  - 0:00
Last Minute Defensive  - 0:00
Total
Forward - 60:00
Defense - 60:00

Play by Play

1st period


0:01 of 1st period - Joe Thornton wins face-off versus Pierre-Marc Bouchard in neutral zone.
0:16 of 1st period - Snap shot by Alexander Ovechkin.
0:16 of 1st period - Stopped by Jean-Sébastien Giguère with a rebound.
1:27 of 1st period - Chris Pronger is hit by Joe Thornton and loses puck.
1:52 of 1st period - Rickard Wallin is hit by Joe Thornton and loses puck.
2:09 of 1st period - Snap shot by Alexander Ovechkin.
2:09 of 1st period - Shot Blocked by Bryan McCabe.
2:39 of 1st period - Snap shot by Joe Thornton.
2:39 of 1st period - Shot Misses the Net.
3:11 of 1st period - Wrist shot by Mike York.
3:11 of 1st period - Shot Blocked by Kent Huskins.
3:13 of 1st period - Slapshot by Chris Pronger.
3:13 of 1st period - Stopped by Kari Lehtonen with a rebound.
3:45 of 1st period - Icing by Joe Thornton.
3:46 of 1st period - Tyler Arnason wins face-off versus Joe Thornton in Predators zone.
3:51 of 1st period - Slapshot by Peter Prucha.
3:51 of 1st period - Shot Misses the Net.
4:03 of 1st period - Slapshot by Alexander Ovechkin.
4:03 of 1st period - Stopped by Jean-Sébastien Giguère without a rebound.
4:04 of 1st period - Josef Vasicek wins face-off versus Jordan Eberle in Nordiques zone.
4:07 of 1st period - Snap shot by Alexander Steen.
4:07 of 1st period - Stopped by Jean-Sébastien Giguère without a rebound.
4:08 of 1st period - Josef Vasicek wins face-off versus Pierre-Marc Bouchard in Nordiques zone.
4:15 of 1st period - Slapshot by Alexander Steen.
4:15 of 1st period - Shot Blocked by Jordan Leopold.
4:40 of 1st period - Icing by Ryan Mcdonagh.
4:41 of 1st period - Pierre-Marc Bouchard wins face-off versus Kris Vernarsky in Predators zone.
4:48 of 1st period - Snap shot by Pierre-Marc Bouchard.
4:48 of 1st period - Shot Misses the Net.
5:16 of 1st period - Snap shot by Josef Vasicek.
5:16 of 1st period - Shot Blocked by Ed Jovanovski.
5:37 of 1st period - Off-side.
5:38 of 1st period - Pierre-Marc Bouchard wins face-off versus Josef Vasicek in neutral zone.
5:43 of 1st period - Snap shot by Andrei Kostitsyn.
5:43 of 1st period - Shot Blocked by Danny Richmond.
6:10 of 1st period - Peter Prucha is hit by Paul Mara and loses puck.
6:35 of 1st period - Georges Laraque is hit by Jeff Halpern.
6:45 of 1st period - Alexander Edler is hit by Nick Schultz and loses puck.
7:04 of 1st period - Alexander Steen is hit by Jordan Leopold and loses puck.
7:29 of 1st period - Kris Vernarsky is hit by Ed Jovanovski and loses puck.
8:06 of 1st period - Michael Grabner is hit by Peter Prucha and loses puck.
8:27 of 1st period - Ryan Mcdonagh is hit by Mattias Weinhandl and loses puck.
8:38 of 1st period - Snap shot by Mattias Weinhandl.
8:38 of 1st period - Stopped by Kari Lehtonen with a rebound.
8:40 of 1st period - Slapshot by Bryan McCabe.
8:40 of 1st period - Stopped by Kari Lehtonen without a rebound.
8:41 of 1st period - Pierre-Marc Bouchard wins face-off versus Andy Miele in Predators zone.
8:50 of 1st period - Snap shot by Pierre-Marc Bouchard.
8:50 of 1st period - Stopped by Kari Lehtonen without a rebound.
8:51 of 1st period - Pierre-Marc Bouchard wins face-off versus Andy Miele in Predators zone.
8:52 of 1st period - Snap shot by Andrei Kostitsyn.
8:52 of 1st period - Goal by Andrei Kostitsyn - Nordiques : 1 - Predators : 0.
8:53 of 1st period - Josef Vasicek wins face-off versus Pierre-Marc Bouchard in neutral zone.
9:10 of 1st period - Icing by Chris Pronger.
9:11 of 1st period - Pierre-Marc Bouchard wins face-off versus Joe Thornton in Nordiques zone.
10:05 of 1st period - Snap shot by Pierre-Marc Bouchard.
10:05 of 1st period - Shot Blocked by Danny Richmond.
10:41 of 1st period - Bryan McCabe is hit by Ryan Mcdonagh and loses puck.
11:47 of 1st period - Ed Jovanovski is hit by Michael Grabner and loses puck.
12:06 of 1st period - Snap shot by Alexander Steen.
12:06 of 1st period - Shot Misses the Net.
12:18 of 1st period - Danny Richmond is hit by Nick Schultz.
12:30 of 1st period - Slapshot by Nick Schultz.
12:30 of 1st period - Stopped by Kari Lehtonen with a rebound.
12:44 of 1st period - Wrist shot by Matt Ellison.
12:44 of 1st period - Shot Misses the Net.
13:16 of 1st period - Snap shot by Joe Thornton.
13:16 of 1st period - Stopped by Jean-Sébastien Giguère without a rebound.
13:17 of 1st period - Jeff Halpern wins face-off versus Joe Thornton in Nordiques zone.
13:17 of 1st period - Jeff Halpern is hit by Joe Thornton.
13:22 of 1st period - Minor Penalty to Barret Jackman for Roughing.
13:23 of 1st period - Joe Thornton wins face-off versus Pierre-Marc Bouchard in Predators zone.
14:34 of 1st period - Bryan McCabe is hit by Danny Richmond and loses puck.
15:01 of 1st period - Alexander Steen is hit by Bryan McCabe.
15:16 of 1st period - Ryan Mcdonagh is hit by Matt Smaby and loses puck.
15:22 of 1st period - Penalty to Barret Jackman is over, Barret Jackman is back on ice.
15:52 of 1st period - Off-side.
15:53 of 1st period - Jeff Halpern wins face-off versus Andy Miele in neutral zone.
16:00 of 1st period - Slapshot by Ryan Bayda.
16:00 of 1st period - Shot Blocked by Jeremy Williams.
16:02 of 1st period - Snap shot by Jeff Halpern.
16:02 of 1st period - Shot Blocked by Danny Richmond.
16:18 of 1st period - Robyn Regehr is hit by Peter Prucha and loses puck.
16:47 of 1st period - Wrist shot by Michael Grabner.
16:47 of 1st period - Stopped by Jean-Sébastien Giguère with a rebound.
17:26 of 1st period - Oleg Saprykin is hit by Jeff Halpern and loses puck.
17:39 of 1st period - Slapshot by Bryan McCabe.
17:39 of 1st period - Deflect By Matt Ellison.
17:39 of 1st period - Shot Misses the Net.
17:39 of 1st period - Puck is out of play.
17:40 of 1st period - Tyler Arnason wins face-off versus Joe Thornton in Predators zone.
17:53 of 1st period - Wrist shot by Alexander Ovechkin.
17:53 of 1st period - Shot Blocked by Peter Prucha.
18:07 of 1st period - Alexander Edler is hit by Jordan Eberle and loses puck.
18:34 of 1st period - Kris Vernarsky is hit by Rickard Wallin and loses puck.
18:55 of 1st period - Snap shot by Joe Thornton.
18:55 of 1st period - Shot Misses the Net.
18:57 of 1st period - Snap shot by Kent Huskins.
18:57 of 1st period - Deflect By Jeff Halpern.
18:57 of 1st period - Stopped by Jean-Sébastien Giguère without a rebound.
18:58 of 1st period - Jeff Halpern wins face-off versus Joe Thornton in Nordiques zone.
19:10 of 1st period - Minor Penalty to Joe Thornton for Hooking.
19:11 of 1st period - Andrei Kostitsyn wins face-off versus Michael Grabner in Predators zone.
Goals for this period are 1 for Nordiques vs 0 for Predators.
Shots for this period are 6 for Nordiques vs 6 for Predators.

2nd period


0:01 of 2nd period - Andrei Kostitsyn wins face-off versus Michael Grabner in neutral zone.
0:04 of 2nd period - Alexander Ovechkin is hit by Chris Pronger and loses puck.
0:54 of 2nd period - Michael Grabner is hit by Andrei Kostitsyn and loses puck.
1:10 of 2nd period - Penalty to Joe Thornton is over, Joe Thornton is back on ice.
1:17 of 2nd period - Wrist shot by Oleg Saprykin.
1:17 of 2nd period - Shot Misses the Net.
1:19 of 2nd period - Snap shot by Oleg Saprykin.
1:19 of 2nd period - Deflect By Andy Miele.
1:19 of 2nd period - Shot Misses the Net.
1:19 of 2nd period - Puck is out of play.
1:20 of 2nd period - Andy Miele wins face-off versus Rickard Wallin in Nordiques zone.
1:21 of 2nd period - Snap shot by Oleg Saprykin.
1:21 of 2nd period - Stopped by Jean-Sébastien Giguère with a rebound.
1:23 of 2nd period - Slapshot by Oleg Saprykin.
1:23 of 2nd period - Stopped by Jean-Sébastien Giguère with a rebound.
1:25 of 2nd period - Snap shot by Jeremy Williams.
1:25 of 2nd period - Stopped by Jean-Sébastien Giguère with a rebound.
1:49 of 2nd period - Snap shot by Alexander Steen.
1:49 of 2nd period - Deflect By Josef Vasicek.
1:49 of 2nd period - Goal by Josef Vasicek - Nordiques : 1 - Predators : 1.
1:50 of 2nd period - Pierre-Marc Bouchard wins face-off versus Joe Thornton in neutral zone.
1:58 of 2nd period - Joe Thornton is hit by Jordan Eberle and loses puck.
2:20 of 2nd period - Snap shot by Michael Grabner.
2:20 of 2nd period - Shot Blocked by Peter Prucha.
2:28 of 2nd period - Icing by Alexander Steen.
2:29 of 2nd period - Josef Vasicek wins face-off versus Pierre-Marc Bouchard in Predators zone.
2:54 of 2nd period - Backhand shot by Alexander Edler.
2:54 of 2nd period - Stopped by Jean-Sébastien Giguère without a rebound.
2:55 of 2nd period - Joe Thornton wins face-off versus Tyler Arnason in Nordiques zone.
3:02 of 2nd period - Snap shot by Peter Prucha.
3:02 of 2nd period - Shot Misses the Net.
3:04 of 2nd period - Snap shot by Tyler Arnason.
3:04 of 2nd period - Shot Misses the Net.
3:06 of 2nd period - Snap shot by Tyler Arnason.
3:06 of 2nd period - Stopped by Kari Lehtonen without a rebound.
3:07 of 2nd period - Pierre-Marc Bouchard wins face-off versus Joe Thornton in Predators zone.
3:34 of 2nd period - Michael Grabner is hit by Tyler Arnason and loses puck.
4:05 of 2nd period - Snap shot by Mattias Weinhandl.
4:05 of 2nd period - Shot Misses the Net.
4:39 of 2nd period - Snap shot by Oleg Saprykin.
4:39 of 2nd period - Shot Misses the Net.
4:56 of 2nd period - Icing by Josef Vasicek.
4:57 of 2nd period - Pierre-Marc Bouchard wins face-off versus Josef Vasicek in Predators zone.
5:08 of 2nd period - Wrist shot by Pierre-Marc Bouchard.
5:08 of 2nd period - Goal by Pierre-Marc Bouchard - Nordiques : 2 - Predators : 1.
5:09 of 2nd period - Joe Thornton wins face-off versus Pierre-Marc Bouchard in neutral zone.
5:17 of 2nd period - Slapshot by Bryan McCabe.
5:17 of 2nd period - Stopped by Kari Lehtonen without a rebound.
5:18 of 2nd period - Joe Thornton wins face-off versus Pierre-Marc Bouchard in Predators zone.
5:18 of 2nd period - Joe Thornton is hit by Andrei Kostitsyn.
5:28 of 2nd period - Snap shot by Alexander Ovechkin.
5:28 of 2nd period - Stopped by Jean-Sébastien Giguère without a rebound.
5:29 of 2nd period - Joe Thornton wins face-off versus Pierre-Marc Bouchard in Nordiques zone.
5:30 of 2nd period - Wrist shot by Alexander Ovechkin.
5:30 of 2nd period - Shot Misses the Net.
5:38 of 2nd period - Snap shot by Pierre-Marc Bouchard.
5:38 of 2nd period - Shot Misses the Net.
6:01 of 2nd period - Wrist shot by Alexander Steen.
6:01 of 2nd period - Shot Misses the Net.
6:20 of 2nd period - Minor Penalty to Georges Laraque for Hooking.
6:21 of 2nd period - Joe Thornton wins face-off versus Pierre-Marc Bouchard in Predators zone.
7:25 of 2nd period - Danny Richmond is hit by Tyler Arnason.
8:20 of 2nd period - Penalty to Georges Laraque is over, Georges Laraque is back on ice.
8:36 of 2nd period - Off-side.
8:37 of 2nd period - Josef Vasicek wins face-off versus Jeff Halpern in neutral zone.
8:42 of 2nd period - Wrist shot by Alexander Edler.
8:42 of 2nd period - Deflect By Alexander Steen.
8:42 of 2nd period - Goal by Alexander Steen - Nordiques : 2 - Predators : 2.
8:43 of 2nd period - Brad Boyes wins face-off versus Pierre-Marc Bouchard in neutral zone.
9:14 of 2nd period - Wrist shot by Alexander Steen.
9:14 of 2nd period - Goal by Alexander Steen - Nordiques : 2 - Predators : 3.
9:15 of 2nd period - Joe Thornton wins face-off versus Jordan Eberle in neutral zone.
9:26 of 2nd period - Snap shot by Joe Thornton.
9:26 of 2nd period - Stopped by Jean-Sébastien Giguère with a rebound.
9:28 of 2nd period - Wrist shot by Alexander Ovechkin.
9:28 of 2nd period - Shot Misses the Net.
10:22 of 2nd period - Wrist shot by Jordan Leopold.
10:22 of 2nd period - Shot Blocked by Joe Thornton.
10:24 of 2nd period - Snap shot by Jeff Halpern.
10:24 of 2nd period - Shot Misses the Net.
10:26 of 2nd period - Wrist shot by Matt Smaby.
10:26 of 2nd period - Shot Blocked by Ryan Mcdonagh.
10:28 of 2nd period - Slapshot by Jordan Leopold.
10:28 of 2nd period - Stopped by Kari Lehtonen without a rebound.
10:29 of 2nd period - Josef Vasicek wins face-off versus Pierre-Marc Bouchard in Predators zone.
10:42 of 2nd period - Barret Jackman is hit by Pierre-Marc Bouchard and loses puck.
10:57 of 2nd period - Wrist shot by Mike York.
10:57 of 2nd period - Stopped by Kari Lehtonen with a rebound.
11:33 of 2nd period - Backhand shot by Alexander Ovechkin.
11:33 of 2nd period - Shot Misses the Net.
11:43 of 2nd period - Ryan Mcdonagh is hit by Matt Ellison and loses puck.
11:58 of 2nd period - Minor Penalty to Ryan Bayda for Boarding.
11:59 of 2nd period - Joe Thornton wins face-off versus Pierre-Marc Bouchard in Nordiques zone.
12:06 of 2nd period - Wrist shot by Joe Thornton.
12:06 of 2nd period - Shot Blocked by Bryan McCabe.
12:08 of 2nd period - Slapshot by Ryan Mcdonagh.
12:08 of 2nd period - Deflect By Pierre-Marc Bouchard.
12:08 of 2nd period - Stopped by Jean-Sébastien Giguère with a rebound.
12:10 of 2nd period - Slapshot by Ryan Mcdonagh.
12:10 of 2nd period - Shot Blocked by Chris Pronger.
12:12 of 2nd period - Slapshot by Ryan Mcdonagh.
12:12 of 2nd period - Shot Misses the Net.
12:14 of 2nd period - Wrist shot by Alexander Edler.
12:14 of 2nd period - Stopped by Jean-Sébastien Giguère with a rebound.
12:16 of 2nd period - Slapshot by Ryan Mcdonagh.
12:16 of 2nd period - Deflect By Alexander Ovechkin.
12:16 of 2nd period - Stopped by Jean-Sébastien Giguère without a rebound.
12:17 of 2nd period - Pierre-Marc Bouchard wins face-off versus Josef Vasicek in Nordiques zone.
12:28 of 2nd period - Bryan McCabe is hit by Alexander Steen and loses puck.
13:51 of 2nd period - Wrist shot by Tyler Arnason.
13:51 of 2nd period - Shot Misses the Net.
13:53 of 2nd period - Slapshot by Bryan McCabe.
13:53 of 2nd period - Stopped by Kari Lehtonen without a rebound.
13:54 of 2nd period - Joe Thornton wins face-off versus Tyler Arnason in Predators zone.
13:58 of 2nd period - Penalty to Ryan Bayda is over, Ryan Bayda is back on ice.
14:10 of 2nd period - Rickard Wallin is hit by Kris Vernarsky.
14:30 of 2nd period - Snap shot by Jeremy Williams.
14:30 of 2nd period - Shot Misses the Net.
14:54 of 2nd period - Slapshot by Matt Ellison.
14:54 of 2nd period - Shot Misses the Net.
14:56 of 2nd period - Snap shot by Matt Smaby.
14:56 of 2nd period - Shot Blocked by Josef Vasicek.
14:58 of 2nd period - Snap shot by Jeff Halpern.
14:58 of 2nd period - Stopped by Kari Lehtonen without a rebound.
14:59 of 2nd period - Joe Thornton wins face-off versus Jeff Halpern in Predators zone.
15:20 of 2nd period - Snap shot by Ryan Bayda.
15:20 of 2nd period - Stopped by Kari Lehtonen with a rebound.
15:22 of 2nd period - Snap shot by Ryan Bayda.
15:22 of 2nd period - Stopped by Kari Lehtonen with a rebound.
15:24 of 2nd period - Snap shot by Jeff Halpern.
15:24 of 2nd period - Stopped by Kari Lehtonen without a rebound.
15:25 of 2nd period - Josef Vasicek wins face-off versus Pierre-Marc Bouchard in Predators zone.
15:30 of 2nd period - Wrist shot by Andrei Kostitsyn.
15:30 of 2nd period - Shot Misses the Net.
15:32 of 2nd period - Snap shot by Andrei Kostitsyn.
15:32 of 2nd period - Stopped by Kari Lehtonen without a rebound.
15:33 of 2nd period - Joe Thornton wins face-off versus Pierre-Marc Bouchard in Predators zone.
15:48 of 2nd period - Slapshot by Bryan McCabe.
15:48 of 2nd period - Shot Misses the Net.
15:58 of 2nd period - Tyler Arnason is hit by Michael Grabner and loses puck.
16:18 of 2nd period - Ryan Bayda is hit by Alexander Edler and loses puck.
16:27 of 2nd period - Snap shot by Ryan Bayda.
16:27 of 2nd period - Deflect By Matt Ellison.
16:27 of 2nd period - Stopped by Kari Lehtonen without a rebound.
16:28 of 2nd period - Joe Thornton wins face-off versus Pierre-Marc Bouchard in Predators zone.
16:28 of 2nd period - Joe Thornton is hit by Andrei Kostitsyn.
16:55 of 2nd period - Josef Vasicek is hit by Tyler Arnason and loses puck.
17:51 of 2nd period - Icing by Ryan Bayda.
17:52 of 2nd period - Jeff Halpern wins face-off versus Joe Thornton in Nordiques zone.
17:52 of 2nd period - Jeff Halpern is hit by Barret Jackman.
17:57 of 2nd period - Minor Penalty to Kent Huskins for Cross-checking.
17:58 of 2nd period - Pierre-Marc Bouchard wins face-off versus Joe Thornton in Predators zone.
18:10 of 2nd period - Alexander Ovechkin is hit by Pierre-Marc Bouchard and loses puck.
19:44 of 2nd period - Bryan McCabe is hit by Michael Grabner and loses puck.
19:51 of 2nd period - Jordan Leopold is hit by Alexander Steen and loses puck.
19:57 of 2nd period - Penalty to Kent Huskins is over, Kent Huskins is back on ice.
19:58 of 2nd period - Tyler Arnason is hit by Michael Grabner and loses puck.
Goals for this period are 1 for Nordiques vs 3 for Predators.
Shots for this period are 12 for Nordiques vs 12 for Predators.

3rd period


0:01 of 3rd period - Pierre-Marc Bouchard wins face-off versus Joe Thornton in neutral zone.
0:26 of 3rd period - Peter Prucha is hit by Georges Laraque and loses puck.
0:31 of 3rd period - Snap shot by Oleg Saprykin.
0:31 of 3rd period - Deflect By Georges Laraque.
0:31 of 3rd period - Stopped by Jean-Sébastien Giguère without a rebound.
0:32 of 3rd period - Kris Vernarsky wins face-off versus Tyler Arnason in Nordiques zone.
0:39 of 3rd period - Snap shot by Tyler Arnason.
0:39 of 3rd period - Shot Misses the Net.
0:41 of 3rd period - Slapshot by Matt Smaby.
0:41 of 3rd period - Stopped by Kari Lehtonen with a rebound.
0:43 of 3rd period - Slapshot by Jordan Leopold.
0:43 of 3rd period - Stopped by Kari Lehtonen without a rebound.
0:44 of 3rd period - Joe Thornton wins face-off versus Pierre-Marc Bouchard in Predators zone.
0:51 of 3rd period - Snap shot by Alexander Ovechkin.
0:51 of 3rd period - Shot Misses the Net.
0:59 of 3rd period - Snap shot by Alexander Ovechkin.
0:59 of 3rd period - Shot Blocked by Andrei Kostitsyn.
1:01 of 3rd period - Snap shot by Alexander Ovechkin.
1:01 of 3rd period - Shot Misses the Net.
2:00 of 3rd period - Snap shot by Matt Ellison.
2:00 of 3rd period - Stopped by Kari Lehtonen without a rebound.
2:01 of 3rd period - Pierre-Marc Bouchard wins face-off versus Joe Thornton in Predators zone.
2:50 of 3rd period - Rickard Wallin is hit by Alexander Edler and loses puck.
3:11 of 3rd period - Backhand shot by Alexander Ovechkin.
3:11 of 3rd period - Goal by Alexander Ovechkin - Nordiques : 2 - Predators : 4.
3:12 of 3rd period - Josef Vasicek wins face-off versus Pierre-Marc Bouchard in neutral zone.
3:14 of 3rd period - Off-side.
3:15 of 3rd period - Josef Vasicek wins face-off versus Pierre-Marc Bouchard in neutral zone.
3:18 of 3rd period - Slapshot by Danny Richmond.
3:18 of 3rd period - Deflect By Josef Vasicek.
3:18 of 3rd period - Stopped by Jean-Sébastien Giguère with a rebound.
3:20 of 3rd period - Snap shot by Alexander Steen.
3:20 of 3rd period - Shot Misses the Net.
3:22 of 3rd period - Slapshot by Robyn Regehr.
3:22 of 3rd period - Shot Blocked by Bryan McCabe.
3:24 of 3rd period - Wrist shot by Alexander Steen.
3:24 of 3rd period - Shot Misses the Net.
3:26 of 3rd period - Wrist shot by Danny Richmond.
3:26 of 3rd period - Shot Blocked by Andrei Kostitsyn.
3:28 of 3rd period - Wrist shot by Alexander Steen.
3:28 of 3rd period - Shot Misses the Net.
3:30 of 3rd period - Wrist shot by Josef Vasicek.
3:30 of 3rd period - Stopped by Jean-Sébastien Giguère without a rebound.
3:31 of 3rd period - Kris Vernarsky wins face-off versus Tyler Arnason in Nordiques zone.
3:34 of 3rd period - Wrist shot by Kris Vernarsky.
3:34 of 3rd period - Stopped by Jean-Sébastien Giguère without a rebound.
3:35 of 3rd period - Tyler Arnason wins face-off versus Kris Vernarsky in Nordiques zone.
3:50 of 3rd period - Peter Prucha is hit by Oleg Saprykin and loses puck.
3:58 of 3rd period - Icing by Bryan McCabe.
3:59 of 3rd period - Tyler Arnason wins face-off versus Joe Thornton in Nordiques zone.
4:59 of 3rd period - Slapshot by Alexander Edler.
4:59 of 3rd period - Deflect By Kris Vernarsky.
4:59 of 3rd period - Shot Misses the Net.
4:59 of 3rd period - Puck is out of play.
5:00 of 3rd period - Pierre-Marc Bouchard wins face-off versus Joe Thornton in Nordiques zone.
5:00 of 3rd period - Pierre-Marc Bouchard is hit by Joe Thornton.
5:17 of 3rd period - Minor Penalty to Pierre-Marc Bouchard for High sticking.
5:18 of 3rd period - Jeff Halpern wins face-off versus Joe Thornton in Nordiques zone.
7:17 of 3rd period - Penalty to Pierre-Marc Bouchard is over, Pierre-Marc Bouchard is back on ice.
7:23 of 3rd period - Snap shot by Pierre-Marc Bouchard.
7:23 of 3rd period - Shot Misses the Net.
7:49 of 3rd period - Wrist shot by Kris Vernarsky.
7:49 of 3rd period - Stopped by Jean-Sébastien Giguère with a rebound.
8:47 of 3rd period - Wrist shot by Oleg Saprykin.
8:47 of 3rd period - Shot Blocked by Jordan Leopold.
8:49 of 3rd period - Snap shot by Kris Vernarsky.
8:49 of 3rd period - Stopped by Jean-Sébastien Giguère with a rebound.
8:51 of 3rd period - Wrist shot by Oleg Saprykin.
8:51 of 3rd period - Goal by Oleg Saprykin - Nordiques : 2 - Predators : 5.
8:52 of 3rd period - Joe Thornton wins face-off versus Tyler Arnason in neutral zone.
8:55 of 3rd period - Patrik Elias is hit by Ryan Mcdonagh and loses puck.
9:06 of 3rd period - Snap shot by Alexander Ovechkin.
9:06 of 3rd period - Stopped by Jean-Sébastien Giguère with a rebound.
9:18 of 3rd period - Ryan Bayda is hit by Ryan Mcdonagh.
9:26 of 3rd period - Backhand shot by Michael Grabner.
9:26 of 3rd period - Shot Misses the Net.
9:28 of 3rd period - Snap shot by Josef Vasicek.
9:28 of 3rd period - Shot Blocked by Bryan McCabe.
10:47 of 3rd period - Alexander Edler is hit by Jordan Eberle and loses puck.
12:37 of 3rd period - Ed Jovanovski is hit by Alexander Ovechkin and loses puck.
13:03 of 3rd period - Snap shot by Jeff Halpern.
13:03 of 3rd period - Stopped by Kari Lehtonen without a rebound.
13:04 of 3rd period - Andy Miele wins face-off versus Pierre-Marc Bouchard in Predators zone.
13:43 of 3rd period - Alexander Steen is hit by Jordan Leopold and loses puck.
13:48 of 3rd period - Wrist shot by Tyler Arnason.
13:48 of 3rd period - Stopped by Kari Lehtonen without a rebound.
13:49 of 3rd period - Kris Vernarsky wins face-off versus Tyler Arnason in Predators zone.
14:02 of 3rd period - Slapshot by Oleg Saprykin.
14:02 of 3rd period - Shot Misses the Net.
14:12 of 3rd period - Jordan Eberle is hit by Joe Thornton and loses puck.
14:20 of 3rd period - Icing by Andrei Kostitsyn.
14:21 of 3rd period - Josef Vasicek wins face-off versus Pierre-Marc Bouchard in Nordiques zone.
15:09 of 3rd period - Slapshot by Alexander Edler.
15:09 of 3rd period - Stopped by Jean-Sébastien Giguère with a rebound.
15:11 of 3rd period - Wrist shot by Oleg Saprykin.
15:11 of 3rd period - Stopped by Jean-Sébastien Giguère with a rebound.
15:33 of 3rd period - Snap shot by Michael Grabner.
15:33 of 3rd period - Shot Blocked by Jordan Leopold.
15:35 of 3rd period - Slapshot by Alexander Steen.
15:35 of 3rd period - Shot Misses the Net.
15:37 of 3rd period - Slapshot by Danny Richmond.
15:37 of 3rd period - Shot Misses the Net.
17:12 of 3rd period - Chris Pronger is hit by Kris Vernarsky and loses puck.
18:23 of 3rd period - Off-side.
18:24 of 3rd period - Josef Vasicek wins face-off versus Jeff Halpern in neutral zone.
18:27 of 3rd period - Snap shot by Josef Vasicek.
18:27 of 3rd period - Stopped by Jean-Sébastien Giguère without a rebound.
18:28 of 3rd period - Josef Vasicek wins face-off versus Jeff Halpern in Nordiques zone.
18:43 of 3rd period - Snap shot by Michael Grabner.
18:43 of 3rd period - Shot Misses the Net.
19:09 of 3rd period - Wrist shot by Alexander Steen.
19:09 of 3rd period - Shot Blocked by Jordan Leopold.
19:11 of 3rd period - Wrist shot by Michael Grabner.
19:11 of 3rd period - Goal by Michael Grabner - Nordiques : 2 - Predators : 6.
19:12 of 3rd period - Joe Thornton wins face-off versus Pierre-Marc Bouchard in neutral zone.
19:43 of 3rd period - Nick Schultz is hit by Alexander Edler and loses puck.
19:49 of 3rd period - Icing by Alexander Edler.
19:50 of 3rd period - Pierre-Marc Bouchard wins face-off versus Kris Vernarsky in Predators zone.
19:59 of 3rd period - Wrist shot by Kris Vernarsky.
19:59 of 3rd period - Stopped by Jean-Sébastien Giguère with a rebound.
Goals for this period are 0 for Nordiques vs 3 for Predators.
Shots for this period are 5 for Nordiques vs 14 for Predators.


Output by the SimonT Hockey Simulator (STHS) for François Prévost -- Original Page W3C XHTML 1.0 Valid
Hockey Simulator - Hockey Simulation - Hockey Manager